 Dungeon Crawl Stone Soup version 0.27-a0-988-g25969acef8 (webtiles) character file.

Game seed: 14826257354079266939

203 littlecub the Poker (level 5, -12/42 HPs)
             Began as a Merfolk Gladiator on Apr 15, 2021.
             Was a Believer of Dithmenos.
             Killed by divine providence
             ... invoked by an orc priest
              (15 damage)
             ... on level 3 of the Dungeon.
             The game lasted 00:02:47 (2104 turns).

littlecub the Poker (Merfolk Gladiator)             Turns: 2104, Time: 00:02:47

Health: -12/42     AC:  4    Str: 21    XL:     5   Next: 81%
Magic:  6/6        EV: 14    Int:  7    God:    Dithmenos [**....]
Gold:   86         SH:  0    Dex: 16    Spells: 4/4 levels left

rFire    . . .     SeeInvis .   a - +0 trident
rCold    . . .     Faith    .   (no shield)
rNeg     . . .     Spirit   .   b - +0 leather armour
rPois    .         Reflect  .   c - +0 helmet
rElec    .         Harm     .   (no cloak)
rCorr    .         Rampage  .   (no gloves)
Will     .....                  (no boots)
Stlth    +.........             (no amulet)
HPRegen  0.14/turn              h - +6 ring of strength
MPRegen  0.10/turn              (no ring)

@: lethally poisoned (-12 -> -13), wreathed by umbra
A: (nimble swimmer 2), mertail
a: Renounce Religion, Shadow Step


You were on level 3 of the Dungeon.
You worshipped Dithmenos.
Dithmenos was pleased with you.
You visited 1 branch of the dungeon, and saw 3 of its levels.

You collected 86 gold pieces.

Inventory:

Hand Weapons
 a - a +0 trident (weapon)
Missiles
 d - 3 throwing nets (quivered)
Armour
 b - a +0 leather armour (worn)
 c - a +0 helmet (worn)
Jewellery
 h - a +6 ring of strength (left hand)
Scrolls
 f - a scroll of fear
 j - a scroll of silence
 k - a scroll of vulnerability {unknown}
 l - 2 scrolls of torment
 n - a scroll of noise {unknown}
Potions
 e - 2 potions of haste {unknown}
 i - a potion of mutation {unknown}
 m - 2 potions of curing {unknown}
 o - 2 potions of lignification {unknown}


   Skills:
 * Level 3.9 Fighting
 * Level 6.2 Polearms
 - Level 2.0 Throwing
 + Level 1.2 Armour
 + Level 4.8 Dodging
 + Level 1.5 Invocations


You had 4 spell levels left.
You didn't know any spells.
Your spell library was empty.

Dungeon Overview and Level Annotations

Branches:
Dungeon (3/15)

Altars:
Dithmenos
The Shining One


Innate Abilities, Weirdness & Mutations

((You are quick and stealthy near water. (Stealth+, EV+, Speed+++)))
Your lower body shifts to a powerful aquatic tail in water.


Message History

No target in view!
No target in view!
An orc priest comes into view. It is wielding a +2 dagger of venom.
Things that are here:
a +0 short sword; a +0 scale mail; an orc corpse An orc priest is nearby!
You closely miss the orc priest.
You hit the orc priest but do no damage.
The orc priest misses you.
You barely miss the orc priest.
The orc priest hits you with a +2 dagger of venom.
You barely miss the orc priest.
The orc priest invokes the aid of Beogh against you.
Beogh smites you!
You hear a shout! x2
You closely miss the orc priest. The orc priest misses you.
An orc wizard comes into view. It is wielding a +0 dagger.
You hit the orc priest but do no damage.
The orc priest hits you but does no damage.
You are poisoned.
You barely miss the orc priest.
You feel sick.
An orc priest comes into view. It is wielding a +0 dagger.
The orc wizard gestures at itself while chanting.
The orc wizard flickers and vanishes!
Deactivating autopickup; reactivate with Ctrl-A.
The orc priest hits you with a +2 dagger of venom.
You are too injured to fight recklessly!
You are too injured to fight recklessly!
You are too injured to fight recklessly!
You feel sick.
The orc priest mumbles some strange prayers to Beogh against you.
Pain shoots through your body!
* * * LOW HITPOINT WARNING * * *
You feel sick.
You feel sick.
You feel sick.
You feel sick.
The orc priest invokes the aid of Beogh against you.
Beogh smites you!
You die...

#### .....#######
.......oo..#######
######...)..##...####
####.#.........###
#.#.#.#.###...##
#[......# ###..#
###@...## #..#
#..#..## ##.##
##.....###..#
##..........##
#..#.#.######
##......# #..#....#
#....(.## #....<.#


You could see 2 orc priests.

Vanquished Creatures
  A necrophage (D:2)
  Terence (D:2)
  4 adders (D:2)
  2 worms (D:2)
  A dart slug (D:1)
  2 orcs (D:3)
  7 ball pythons
  5 bats
  3 endoplasms
  A giant cockroach (D:1)
  2 goblins
  7 hobgoblins
  7 kobolds
  3 quokkas
  3 frilled lizards
  3 rats
52 creatures vanquished.

Notes
Turn   | Place    | Note
-------+----------+-------------------------------------------
     0 | D:1      | littlecub the Merfolk Gladiator began the quest for the
                  | Orb.
     0 | D:1      | Reached XP level 1. HP: 16/16 MP: 1/1
   151 | D:1      | Reached XP level 2. HP: 23/23 MP: 2/2
   500 | D:1      | Found a faded altar of an unknown god.
   503 | D:1      | Became a worshipper of Dithmenos the Shadowed
   503 | D:1      | Reached * piety under Dithmenos
   627 | D:1      | Reached skill level 5 in Polearms
   663 | D:1      | Reached XP level 3. HP: 28/28 MP: 3/3
   905 | D:2      | Noticed a necrophage
   923 | D:2      | Killed a necrophage
   924 | D:2      | Reached skill level 1 in Armour
   924 | D:2      | Reached skill level 1 in Invocations
   924 | D:2      | Reached XP level 4. HP: 8/35 MP: 4/4
   924 | D:2      | Reached XP level 5. HP: 9/41 MP: 5/5
  1189 | D:2      | Found a glowing golden altar of the Shining One.
  1248 | D:2      | Reached ** piety under Dithmenos
  1370 | D:2      | Noticed Terence
  1382 | D:2      | Killed Terence
  1497 | D:2      | Reached skill level 6 in Polearms
  2104 | D:3      | Killed from afar by an orc priest

Illustrated notes

Levels and vault maps discovered:
D:1:      wander_arrival_peaceful_grave, layout_loops_cross,
          hellmonk_ecumenical_altar_inner_sanctum
D:2:      kennysheep_six_static_rooms, layout_rooms, basic_altar, uniq_terence
D:3:      layout_rooms, lemuel_round_altar, grunt_ministairs_11,
          minmay_misc_feat_five

Skill      XL: |  1  2  3  4  5 |
---------------+----------------+-----
Polearms       | 5 6 |  6.2
Fighting       | 3 |  3.9
Armour         | 1 |  1.2
Invocations    | 1 |  1.5
Throwing       | |  2.0
Dodging        | |  4.8

Action                   |  1- 3 |  4- 6 || total
-------------------------+-------+-------++-------
Melee: Trident           |    87 |   101 ||   188
  Use: Scroll            |       |     3 ||     3
 Stab: Sleeping          |     6 |     1 ||     7
Armor: Leather armour    |    11 |    14 ||    25
Dodge: Dodged            |    49 |    56 ||   105

Table legend: (Time is in decaauts)
 A = Elapsed time spent in this place.
 B = Non-inter-level travel time spent in this place.
 C = Inter-level travel time spent in this place.
 D = Time resting spent in this place.
 E = Time spent auto-exploring this place.
 F = Levels seen in this place.
 G = Mean time per level.
                   A        B        C        D        E       F      G
               +--------+--------+--------+--------+--------+-----+--------+
         Total |   2107 |   2076 |     31 |      0 |   1722 |   3 |  702.3 |
       Dungeon |   2107 |   2076 |     31 |      0 |   1722 |   3 |  702.3 |
               +--------+--------+--------+--------+--------+-----+--------+

Top non-repeatable levels by time:
     D:2: 994 daAuts
     D:1: 891 daAuts
     D:3: 221 daAuts
